 Dungeon Crawl Stone Soup version 0.30-a0-715-gdb4ae3ece1 (webtiles) character file.

Game seed: 12297219920036620518

79 Newt the Trooper (level 4, -3/37 HPs)
             Began as a Demonspawn Gladiator on Jan 24, 2023.
             Killed from afar by an orc wizard (6 damage)
             ... with a puff of flame
             ... on level 3 of the Dungeon.
             The game lasted 00:02:10 (2534 turns).

Newt the Trooper (Demonspawn Gladiator)             Turns: 2534, Time: 00:02:10

Health: -3/37      AC:  4    Str: 17    XL:     4   Next: 17%
Magic:  4/4        EV: 12    Int:  9    God:
Gold:   115        SH:  0    Dex: 14    Spells: 3/3 levels left

rFire   . . .      SeeInvis .    a - +0 rapier
rCold   . . .      Faith    .    (no shield)
rNeg    . . .      Spirit   .    b - +0 leather armour
rPois   .          Reflect  .    (helmet restricted)
rElec   .          Harm     .    h - +0 cloak
rCorr   .          Rampage  .    (no gloves)
Will    .....                    (no boots)
Stlth   ++                       (no amulet)
HPRegen 0.26/turn                (no ring)
MPRegen 0.09/turn                (no ring)

@: no status effects
A: antennae 2
a: no special abilities


You were on level 3 of the Dungeon.
You visited 1 branch of the dungeon, and saw 3 of its levels.

You collected 115 gold pieces.

Inventory:

Hand Weapons
 a - a +0 rapier (weapon)
Missiles
 d - 3 throwing nets (quivered)
 e - a javelin
Armour
 b - a +0 leather armour (worn)
 c - a +0 helmet
 h - a +0 cloak (worn)
 k - an orb of wrath
Scrolls
 f - a scroll of fog
Potions
 g - a potion of brilliance
 i - 2 potions of curing
 j - a potion of mutation {unknown}


   Skills:
 + Level 3.9 Fighting
 - Level 2.6 Short Blades
 - Level 1.7 Throwing
 - Level 2.6 Dodging
 - Level 2.0 Stealth


You had 3 spell levels left.
You didn't know any spells.
Your spell library contained the following spells:

 Spells                   Type           Power      Damage    Failure   Level
 Beastly Appendage        Tmut           0%         N/A       45%         1
 Wereblood                Tmut           0%         N/A       58%         2
 Spider Form              Tmut/Pois      0%         N/A       83%         3


Dungeon Overview and Level Annotations

Branches:
Dungeon (3/15)

Altars:

Shops:
D:1 *


Innate Abilities, Weirdness & Mutations

You have a pair of antennae on your head.


Message History

The orc hits you with a +0 war axe!
* * * LOW HITPOINT WARNING * * *
The orc barely misses you. Something hits you.
* * * LOW HITPOINT WARNING * * *
You barely miss the orc.
The orc is heavily wounded.
The orc hits you with a +0 war axe.
* * * LOW HITPOINT WARNING * * *
Something hits you but does no damage.
It was a potion of curing.
You feel better. The orc completely misses you.
Something hits you but does no damage.
You hit the orc.
The orc is almost dead.
The orc barely misses you. Something completely misses you.
You hit the orc.
You kill the orc!
Something hits you.
* * * LOW HITPOINT WARNING * * *
You hit something. Your punch misses something.
Something hits you but does no damage.
You barely miss something. Something hits you but does no damage.
You miss something. Something hits you.
* * * LOW HITPOINT WARNING * * *
You completely miss something. Something hits you.
* * * LOW HITPOINT WARNING * * *
You puncture something! Something hits you.
* * * LOW HITPOINT WARNING * * *
You closely miss something.
You hear some strange, mumbled words.
Something tries to affect you, but you resist.
You barely miss something.
You hear some strange, mumbled words.
A magic dart appears from out of thin air!
The magic dart hits you.
* * * LOW HITPOINT WARNING * * *
You hit something but do no damage.
You hear some strange, mumbled words.
A puff of flame appears from out of thin air!
The puff of flame hits you.
You die...

#..........#,,,,,,,,,,,,
#..........#...,,,,,,,,,
#..............,,,,,,,,,
####..............,,,,,,,,,
#.................,,,,,,,,,
#.................,,,,,,,,,
#.................,,,,,,,,,
#.......[.......##***,,,,,,
#.......<{@)......* *,,,,,,
####............$?* *,,,,,,
*#..............***,,,,,,
#........###....,,*,,,,,,
#........#**,...,,,,,,,,,
#.........,,,*..,,,,,,,,,
#..........,,**#,,,,,,,,,
#...........,* *,,,,,,,,,
*,,,,,,,,,,,,* *,,,,,,,,*


There were no monsters in sight!

Vanquished Creatures
  2 adders
  A worm (D:2)
  3 dart slugs (D:1)
  4 orcs
  7 endoplasms
  4 giant cockroaches
  2 hobgoblins
  3 jackals (D:1)
  4 quokkas
  2 ball pythons (D:1)
  3 bats
  3 frilled lizards (D:2)
  2 goblins
  4 kobolds
  A rat (D:2)
45 creatures vanquished.

Notes
Turn   | Place    | Note
-------+----------+-------------------------------------------
     0 | D:1      | Newt the Demonspawn Gladiator began the quest for the Orb.
     0 | D:1      | Reached XP level 1. HP: 16/16 MP: 1/1
    56 | D:1      | Found a faded altar of an unknown god.
   127 | D:1      | Reached skill level 1 in Stealth
   224 | D:1      | Gained mutation: You have a pair of small antennae on your
                  | head. [demonic ancestry]
   224 | D:1      | Reached XP level 2. HP: 7/22 MP: 2/2
   324 | D:1      | Found Piatia's General Store.
  1062 | D:1      | Reached XP level 3. HP: 28/28 MP: 3/3
  1330 | D:2      | Reached skill level 3 in Fighting
  2094 | D:3      | Gained mutation: You have a pair of antennae on your head.
                  | [demonic ancestry]
  2094 | D:3      | Reached XP level 4. HP: 33/37 MP: 4/4
  2534 | D:3      | Killed from afar by an orc wizard

Illustrated notes

Levels and vault maps discovered:
D:1:      scummos_arrival_hexagon, layout_basic, ebering_ecumenical_altar_mist,
          serial_shops, nicolae_shop_trees, st_stairs_11
D:2:      layout_loops_ring
D:3:      minmay_spotlight, layout_basic, lightli_corner_chamber

Skill      XL: |  1  2  3 |
---------------+----------+-----
Stealth        | 1 2 |  2.0
Fighting       | 3 |  3.9
Short Blades   | |  2.6
Throwing       | |  1.7
Dodging        | |  2.6

Action                     |  1- 3 |  4- 6 || total
---------------------------+-------+-------++-------
  Melee: Rapier            |   137 |    28 ||   165
         Punch             |     2 |       ||     2
    Use: Scroll            |     4 |     1 ||     5
         Potion            |       |     1 ||     1
   Stab: Sleeping          |     2 |       ||     2
 Armour: Leather armour    |    49 |     9 ||    58
  Dodge: Dodged            |    90 |    16 ||   106

Table legend: (Time is in decaauts)
 A = Elapsed time spent in this place.
 B = Non-inter-level travel time spent in this place.
 C = Inter-level travel time spent in this place.
 D = Time resting spent in this place.
 E = Time spent auto-exploring this place.
 F = Levels seen in this place.
 G = Mean time per level.
                   A        B        C        D        E       F      G
               +--------+--------+--------+--------+--------+-----+--------+
         Total |   2547 |   2499 |     48 |    750 |   1360 |   3 |  849.0 |
       Dungeon |   2547 |   2499 |     48 |    750 |   1360 |   3 |  849.0 |
               +--------+--------+--------+--------+--------+-----+--------+

Top non-repeatable levels by time:
     D:1: 1254 daAuts
     D:2: 1198 daAuts
     D:3: 94 daAuts
